 Dungeon Crawl Stone Soup version 0.27.1-1-g398f81649c (webtiles) character file.

Game seed: 6216656113498246561

12504 speeev33 the Cleaver (level 11, -10/103 HPs)
             Began as a Hill Orc Fighter on Sept 13, 2021.
             Was a High Priest of Okawaru.
             Mangled by a two-headed ogre (21 damage)
             ... on level 10 of the Dungeon.
             The game lasted 00:24:15 (16166 turns).

speeev33 the Cleaver (Hill Orc Fighter)            Turns: 16166, Time: 00:24:16

Health: -10/103    AC: 18    Str: 23    XL:     11   Next: 94%
Magic:  11/11      EV:  6    Int: 14    God:    Okawaru [*****.]
Gold:   652        SH: 12    Dex: 10    Spells: 10/10 levels left

rFire    . . .     SeeInvis .   a - +0 war axe (venom)
rCold    . . .     Faith    .   c - +0 kite shield
rNeg     + . .     Spirit   .   G - +0 plate armour
rPois    .         Reflect  .   (no helmet)
rElec    .         Harm     .   (no cloak)
rCorr    .         Rampage  .   L - +2 pair of gloves
Will     .....                  (no boots)
Stlth    ..........             x - amulet of the acrobat
HPRegen  0.27/turn              k - ring of positive energy
MPRegen  0.12/turn              D - +6 ring of intelligence

@: about to teleport
A: no striking features
a: Renounce Religion, Convert to Beogh, Heroism, Finesse


You were on level 10 of the Dungeon.
You worshipped Okawaru.
Okawaru was extremely pleased with you.
You visited 2 branches of the dungeon, and saw 11 of its levels.
You also visited: Sewer and Ossuary.

You collected 652 gold pieces.

Inventory:

Hand Weapons
 a - a +0 war axe of venom (weapon)
 J - a +0 flail
Missiles
 n - 7 curare-tipped darts (quivered)
 v - 2 throwing nets
Armour
 c - a +0 kite shield (worn)
 G - a +0 plate armour (worn)
 L - a +2 pair of gloves (worn)
Jewellery
 k - a ring of positive energy (left hand)
 x - an amulet of the acrobat (around neck)
 y - a ring of fire
 D - a +6 ring of intelligence (right hand)
 I - a ring of ice
 K - a ring of positive energy
Wands
 j - a wand of iceblast (14)
 C - a wand of acid (5)
 E - a wand of paralysis (9)
 F - a wand of flame (20)
Scrolls
 f - a scroll of summoning
 g - 2 scrolls of enchant weapon
 i - 2 scrolls of magic mapping
 r - a scroll of identify
 u - 4 scrolls of fog
 B - a scroll of amnesia
Potions
 b - 2 potions of brilliance
 d - 2 potions of might
 e - a potion of haste
 h - a potion of resistance
 l - a potion of invisibility
 o - a potion of degeneration
 p - 2 potions of mutation
 q - 4 potions of attraction
 s - a potion of magic {unknown}
 t - 2 potions of cancellation
 w - 8 potions of curing
 z - a potion of flight {unknown}


   Skills:
 + Level 11.6 Fighting
 + Level 12.2 Axes
 + Level 10.8 Armour
 + Level 10.8 Shields


You had 10 spell levels left.
You didn't know any spells.
Your spell library contained the following spells:

 Spells                   Type           Power      Damage    Failure   Level
 Static Discharge         Conj/Air       0%         N/A       100%        2
 Dazzling Flash           Conj/Hex       0%         N/A       100%        3
 Summon Guardian Golem    Hex/Summ       0%         N/A       100%        3
 Cause Fear               Hex            0%         N/A       100%        4
 Iskenderun's Mystic Bla  Conj/Tloc      0%         2d3       100%        4
 Lightning Bolt           Conj/Air       0%         1d11      100%        5
 Starburst                Conj/Fire      0%         6d3       100%        6
 Dragon Form              Tmut           0%         N/A       100%        7
 Orb of Destruction       Conj           0%         N/A       100%        7
 Spellforged Servitor     Conj/Summ      0%         N/A       100%        7
 Maxwell's Capacitive Co  Air            0%         ∞         100%        8
 Dragon's Call            Summ           0%         N/A       100%        9


Dungeon Overview and Level Annotations

Branches:
Dungeon (10/15)            Temple (1/1) D:6            Lair (0/6) D:10
  Sewer (visited)         Ossuary (visited)
    Orc: D:9-12

Altars:
Ashenzari
Cheibriados
Dithmenos
Elyvilon
Fedhas
Gozag
Hepliaklqana
Kikubaaqudgha
Makhleb
Nemelex Xobeh
Okawaru
Qazlal
Ru
Sif Muna
Trog
Uskayaw
Vehumet
Wu Jian
Xom
Yredelemnul
Zin
The Shining One
Beogh

Shops:
D:3 :?:


Message History

You hit the yak.
The yak is poisoned.
The yak is severely wounded.
The yak barely misses you.
You hit the yak.
The yak is almost dead.
The orc priest begins to cast a cantrip, but forgets the words!
The yak gores you.
You barely miss the yak.
The yak is almost dead.
The yak gores you!
* * * LOW HITPOINT WARNING * * *
You hit the yak.
You kill the yak!
Okawaru accepts your kill.
You hit the orc warrior but do no damage.
The orc warrior is poisoned.
The orc priest casts a cantrip, but nothing happens.
You block the orc warrior's attack.
You slice the orc warrior!!
The orc warrior looks as sick as possible!
The orc warrior is almost dead.
The orc priest calls down the wrath of Beogh upon you.
Beogh smites you!
* * * LOW HITPOINT WARNING * * *
You block the orc warrior's attack.
You feel much better.
You kill the orc warrior!
Okawaru accepts your kill.
You barely miss the two-headed ogre.
The orc priest looks braver for a moment.
You block the two-headed ogre's attack.
The two-headed ogre hits you with a +1 dire flail of holy wrath!
* * * LOW HITPOINT WARNING * * *
You slash the two-headed ogre!
The two-headed ogre is moderately wounded.
Okay, then.
As you read the scroll of teleportation, it crumbles to dust.
You feel strangely unstable.
The two-headed ogre hits you with a +0 giant club!!
You die...

..≈≈≈≈≈≈≈≈.....P...♣♣♣♣♣ P....♣
.≈≈≈≈≈≈≈≈.............PP ≈≈≈...
≈≈≈≈≈≈≈≈≈≈≈≈≈≈≈≈......≈.. ≈≈≈≈≈≈
≈≈≈≈≈≈≈≈≈≈######≈≈≈≈≈≈≈≈≈ #####≈
≈≈≈≈≈≈.≈≈≈#....#.....≈... ....#≈
≈≈≈≈....≈≈#....#......... ...c#≈
≈≈......≈≈#....#......... ....#≈
.........≈#....############....#≈
.........≈###...@OYo.........###≈
..8.....≈≈..#.######''###### #..≈
#...##..≈≈..#.# ...# #..≈
#...##...≈..#.# Y..+ #..≈
.........≈..#.# Y..# #...
.._...8....>#.##############.#..≈
.........≈###..).)(..........###≈
#...##...≈#...[####....####....#≈
#...##...≈#....#..#....#..#....#≈


You could see a two-headed ogre, a yak and an orc priest.

Vanquished Creatures
  2 two-headed ogres (D:10)
  Pikel (D:9)
  A manticore (D:10)
  A merfolk (D:10)
  A troll (D:9)
  A shadow (D:9)
  8 yaks (D:10)
  A hog (D:10)
  5 wyverns (D:10)
  4 vampire mosquitoes (D:10)
  2 steam dragons
  Menkaure (D:7)
  A water moccasin (D:9)
  A hornet zombie (D:6)
  8 orc warriors
  4 sky beasts
  An ice beast (D:8)
  6 black bears (D:10)
  2 necrophages
  2 ogres
  11 centaurs
  2 lemures (D:9)
  14 kobold brigands
  A phantom (D:5)
  7 bullfrogs
  2 scorpions
  A wyvern zombie (D:7)
  A water moccasin zombie (D:7)
  9 electric eels (D:10)
  4 wights (D:7)
  A bullfrog zombie (D:5)
  A centaur zombie (Ossuary)
  3 gnoll shamans
  3 jellies
  4 hounds
  4 centaur skeletons
  2 human zombies (Ossuary)
  11 orc priests
  4 iguanas
  6 orc wizards
  A hound zombie (D:5)
  2 mummies (Ossuary)
  A howler monkey zombie (D:7)
  7 gnolls
  2 howler monkey skeletons (D:7)
  3 river rats
  8 adders
  A shadow imp (D:6)
  2 ufetubi
  3 adder zombies (Ossuary)
  An adder skeleton (D:4)
  2 worms
  3 dart slugs
  50 orcs
  12 ball pythons
  4 endoplasms
  3 giant cockroaches
  9 goblins
  6 hobgoblins
  10 jackals
  A quokka (D:2)
  7 bats
  4 frilled lizards
  10 hobgoblin zombies (Ossuary)
  A jackal zombie (Ossuary)
  19 kobolds
  9 kobold zombies (Ossuary)
  9 orc zombies (Ossuary)
  A quokka skeleton (D:4)
  11 rats
  A rat zombie (Ossuary)
347 creatures vanquished.

Vanquished Creatures (others)
  An orc (D:10)
  3 fungi (D:8)
  65 plants
69 creatures vanquished.

Grand Total: 416 creatures vanquished

Notes
Turn   | Place    | Note
-------+----------+-------------------------------------------
     0 | D:1      | speeev33 the Hill Orc Fighter began the quest for the Orb.
     0 | D:1      | Reached XP level 1. HP: 19/19 MP: 1/1
   152 | D:1      | Found a faded altar of an unknown god.
   167 | D:1      | Reached skill level 3 in Axes
   167 | D:1      | Reached XP level 2. HP: 14/27 MP: 2/2
   507 | D:1      | Reached XP level 3. HP: 33/33 MP: 3/3
  1183 | D:1      | Found an ornate altar of the Wu Jian Council.
  1743 | D:2      | Reached XP level 4. HP: 23/40 MP: 4/4
  2221 | D:3      | Found Nedaac's Book Shoppe.
  2621 | D:3      | Found Acveacao's Book Boutique.
  2696 | D:3      | Found a shimmering altar of Xom.
  2802 | D:3      | Found Macsay's Magic Scroll Shop.
  3066 | D:4      | Found a glowing drain.
  3082 | D:4      | Reached skill level 4 in Axes
  3083 | D:4      | Reached XP level 5. HP: 36/47 MP: 5/5
  3101 | Sewer    | Entered a sewer
  3305 | Sewer    | Noticed a kobold brigand
  3318 | Sewer    | Killed a kobold brigand
  3381 | Sewer    | Reached skill level 5 in Fighting
  3446 | Sewer    | Noticed a kobold brigand
  3453 | Sewer    | Killed a kobold brigand
  3454 | Sewer    | Reached XP level 6. HP: 11/56 MP: 6/6
  4101 | Sewer    | Reached skill level 5 in Axes
  4101 | Sewer    | Reached skill level 5 in Shields
  4168 | Sewer    | Reached skill level 5 in Armour
  4168 | Sewer    | Reached XP level 7. HP: 60/62 MP: 7/7
  4782 | D:4      | Reached skill level 6 in Axes
  4925 | D:4      | Reached XP level 8. HP: 64/71 MP: 8/8
  5779 | D:5      | Entered Level 5 of the Dungeon
  5847 | D:5      | Found a sand-covered staircase.
  5855 | Ossuary  | Entered an ossuary
  6035 | Ossuary  | Reached skill level 7 in Axes
  6566 | D:5      | Reached XP level 9. HP: 72/79 MP: 9/9
  6715 | D:5      | Found a sacrificial altar of Ru.
  7069 | D:6      | Reached skill level 8 in Axes
  7544 | D:6      | Found a hazy altar of Hepliaklqana.
  7852 | D:6      | Found a staircase to the Ecumenical Temple.
  8039 | Temple   | Entered the Ecumenical Temple
  8134 | Temple   | Became a worshipper of Warmaster Okawaru
  8327 | D:7      | Noticed Menkaure
  8336 | D:7      | Killed Menkaure
  8527 | D:7      | Reached skill level 9 in Axes
  8992 | D:7      | Reached XP level 10. HP: 72/91 MP: 10/10
  9271 | D:7      | Reached * piety under Okawaru
  9575 | D:8      | Found a blossoming altar of Fedhas.
  9579 | D:8      | Found a stormy altar of Qazlal.
  9977 | D:8      | Found a broken altar of Ashenzari.
 10433 | D:9      | Reached skill level 10 in Axes
 10766 | D:9      | Noticed Pikel
 10778 | D:9      | Killed Pikel
 10778 | D:9      | Reached ** piety under Okawaru
 11310 | D:9      | Reached skill level 10 in Fighting
 11870 | D:9      | Found a roughly hewn altar of Beogh.
 12295 | D:10     | Entered Level 10 of the Dungeon
 12454 | D:10     | Noticed a two-headed ogre
 12461 | D:10     | Killed a two-headed ogre
 12462 | D:10     | Reached skill level 11 in Axes
 12462 | D:10     | Reached XP level 11. HP: 89/101 MP: 11/11
 12653 | D:10     | Reached *** piety under Okawaru
 12765 | D:10     | Noticed a six-headed hydra
 13355 | D:10     | Reached skill level 10 in Shields
 13746 | D:10     | Reached skill level 10 in Armour
 13791 | D:10     | Identified the +6 mace "Rigaoc" {protect, Fragile rN+ Dex+2
                  | SInv}
 15400 | D:10     | Found a bloodstained altar of Trog.
 15402 | D:10     | Found a staircase to the Lair.
 15538 | D:10     | Reached **** piety under Okawaru
 15810 | D:10     | Noticed a manticore
 15817 | D:10     | Killed a manticore
 16130 | D:10     | Noticed a two-headed ogre
 16138 | D:10     | Reached skill level 12 in Axes
 16141 | D:10     | Killed a two-headed ogre
 16141 | D:10     | Reached ***** piety under Okawaru
 16145 | D:10     | Noticed a two-headed ogre
 16166 | D:10     | Mangled by a two-headed ogre

Illustrated notes

Levels and vault maps discovered:
D:1:      dpeg_arrival_water_altar, layout_loops_corners,
          chequers_ecumenical_altar_simple, minmay_tree_intersection
D:2:      layout_basic, chequers_garden
D:3:      layout_loops_ring, marbit_many_paths, serial_shops,
          nicolae_shop_waterfront, shop, shop
D:4:      layout_basic, portal_sewer_entry_b
D:5:      layout_layer_cave, lemuel_round_altar,
          nicolae_ossuary_entry_false_entrances
D:6:      layout_loops_ring, worldfamousw_hep_ancestral_shrine,
          minmay_temple_entry_poolview
D:7:      layout_loops_ring, uniq_menkaure
D:8:      layout_basic, grunt_temple_overflow_forces_of_nature,
          lemuel_crystal_altar, kennysheep_small_circle
D:9:      layout_loops_ring, special_room [special_room_orc],
          minmay_misc_feat_columns, st_stairs_9, chequers_serial_rivers_micro_b,
          uniq_pikel
D:10:     kennysheep_town
Temple:   minmay_temple_bridge_d

Skill      XL: |  1  2  3  4  5  6  7  8  9 10 11 |
---------------+----------------------------------+-----
Axes           | 3 4 5 6 7 9 11 12 | 12.2
Fighting       | 4 5 6 7 9 10 11 | 11.6
Shields        | 4 5 6 8 9 10 | 10.8
Armour         | 4 5 6 8 9 10 | 10.8

Action                   |  1- 3 |  4- 6 |  7- 9 | 10-12 || total
-------------------------+-------+-------+-------+-------++-------
Melee: War axe           |   111 |   128 |   431 |   494 ||  1164
Throw: Dart              |       |       |     1 |     2 ||     3
Invok: Heroism           |       |       |       |     2 ||     2
Evoke: Wand              |       |       |       |    14 ||    14
  Use: Scroll            |     5 |     4 |    11 |     6 ||    26
       Potion            |       |       |       |     7 ||     7
 Stab: Paralysed         |       |       |       |     5 ||     5
Armor: Scale mail        |    53 |    57 |    54 |       ||   164
       Chain mail        |       |       |   136 |    53 ||   189
       Plate armour      |       |       |       |   134 ||   134
Dodge: Dodged            |    42 |    39 |   129 |   165 ||   375
Block: Kite shield       |    69 |    67 |   225 |   295 ||   656
